 Dungeon Crawl Stone Soup version 0.32-a0-732-ga344392067 (webtiles) character file.

Game seed: 8307809783738945929

115 jasper the Caller (level 4, -4/33 HPs)
             Began as a Mummy Summoner on Mar 16, 2024.
             Slain by Duvessa
             ... wielding a +0 rapier
              (5 damage)
             ... on level 4 of the Dungeon.
             The game lasted 00:06:18 (3406 turns).

jasper the Caller (Mummy Summoner)                  Turns: 3406, Time: 00:06:18

Health: -4/33      AC:  4    Str: 11    XL:     4   Next: 68%
Magic:  9/9        EV: 11    Int: 16    God:
Gold:   83         SH:  0    Dex: 12    Spells: 0/10 levels left

rFire   x . .        c - +0 quarterstaff
rCold   + . .        (shield currently unavailable)
rNeg    + + +        a - +0 robe
rPois   ∞            (no helmet)
rElec   .            (no cloak)
rCorr   .            h - +0 pair of gloves
SInv    .            k - +0 pair of boots {Fly}
Will    .....        l - amulet of magic regeneration
Stlth   ++           (no ring)
HPRegen 0.25/turn    (no ring)
MPRegen 0.51/turn

%: faith
@: unable to call your familiar, flying
A: cold resistance 1, negative energy resistance 3, torment resistance 2, heat
vulnerability 1, in touch with death 1, no potions, faith
a: no special abilities


You were on level 4 of the Dungeon.
You visited 1 branch of the dungeon, and saw 4 of its levels.

You collected 152 gold pieces.
You spent 69 gold pieces at shops.

Inventory:

Hand Weapons
 c - a +0 quarterstaff (weapon)
 g - a +0 whip
Missiles
 b - 8 boomerangs
 e - 4 silver javelins
Armour
 a - a +0 robe (worn)
 d - a +0 buckler
 h - a +0 pair of gloves (worn)
 k - a +0 pair of boots of flying (worn)
Jewellery
 l - an amulet of magic regeneration (around neck)
Wands
 m - a wand of warping (9)
Scrolls
 f - a scroll of teleportation
 i - a scroll of vulnerability
 j - a scroll of amnesia
 n - a scroll of identify


   Skills:
 + Level 1.9 Fighting
 - Level 1.5 Dodging
 - Level 1.5 Stealth
 + Level 3.8 Spellcasting
 * Level 4.2 Summonings


You couldn't memorise any spells.
You knew the following spells:

 Your Spells              Type           Power      Damage    Failure   Level
a - Summon Small Mammal   Summ           64%        N/A       3%          1
b - Call Imp              Summ           32%        N/A       4%          2
c - Call Canine Familiar  Summ           16%        N/A       9%          3
d - Summon Lightning Spi  Summ/Air       9%         N/A       56%         4

Your spell library contained the following spells:

 Spells                   Type           Power      Damage    Failure   Level
 Summon Blazeheart Golem  Fire/Summ      9%         N/A       56%         4


Dungeon Overview and Level Annotations

Branches:
Dungeon (4/15)
 Temple: D:4-7

Altars:

Shops:
D:2 *

Annotations:
D:4 Dowan, Duvessa, Natasha


Innate Abilities, Weirdness & Mutations

You are immune to poison.
Your flesh is cold resistant. (rC+)
You are immune to negative energy. (rN+++)
You are immune to unholy pain and torment.
You are vulnerable to heat. (rF-)
You are in touch with the powers of death.
You do not drink.
You have a special connection with the divine. (Faith)


Message History

Your cerulean imp hits Duvessa but does no damage.
Dowan gestures at Duvessa while chanting.
Duvessa seems to speed up.
Your inugami closely misses Dowan.
Your cerulean imp hits Duvessa but does no damage.
You hit Duvessa but do no damage.
Duvessa is lightly wounded.
Duvessa hits you with a +0 rapier!
Natasha hisses.
Natasha casts a spell.
Dowan gestures at you while chanting. The puff of flame hits your inugami.
Duvessa hits you with a +0 rapier.
Your inugami hits Dowan.
Your cerulean imp hits Duvessa but does no damage.
You take 14 damage, and have 19/33 hp.
MASSIVE DAMAGE!!
MP restored: 9 You can't drink.
Duvessa barely misses your cerulean imp.
Natasha claws your inugami!
Your inugami dies!
Your inugami disappears in a puff of smoke!
Your cerulean imp barely misses Duvessa.
Your cerulean imp barely misses the cerulean imp.
Duvessa attacks as she pursues you! Duvessa hits you with a +0 rapier!
* * * LOW HITPOINT WARNING * * *
You take 11 damage, and have 8/33 hp.
MASSIVE DAMAGE!!
Okay, then.
Dowan smirks and points a slender finger.
Duvessa hits you with a +0 rapier!
* * * LOW HITPOINT WARNING * * *
You take 7 damage, and have 1/33 hp.
MASSIVE DAMAGE!!
Casting: Call Imp (safe; 4% risk of failure)
Confirm with . or Enter, or press ? or * to list all spells.
Duvessa hits you but does no damage.
Natasha casts a spell.
The cerulean imp closely misses you.
You now have 8/9 mp.
You swap places.
Dowan hits your rat with a +0 dagger.
Your rat dies!
Your rat's corpse disappears in a puff of smoke!
Duvessa hits you with a +0 rapier.
You die...

... ... #### #..
######..# #..#
###......## #..##
##....[.### .
#...####........### ...
#..#5............#
.....##h.#.e@.........#
.....5h.#5e§..........#
......5##.............#
.....5.#...<..........#
....#.##..............#
... #. #..............#
.. .##...............#
. #. #..............##
.. #..............


You could see Duvessa (fast), Dowan and 2 cerulean imps.

Vanquished Creatures
  2 adders
  A dart slug (D:3)
  2 ribbon worms (D:2)
  6 ball pythons
  7 endoplasms
  A giant cockroach (D:2)
  4 goblins
  A hobgoblin (D:3)
  7 jackals
  2 quokkas
  5 bats
  2 frilled lizards
  3 kobolds
  4 rats
47 creatures vanquished.

Vanquished Creatures (collateral kills)
  An adder (D:2)
  A dart slug (D:1)
  A ribbon worm (D:3)
  3 endoplasms
  3 giant cockroaches (D:1)
  4 goblins
  A hobgoblin (D:1)
  4 jackals
  A quokka (D:1)
  2 ball pythons (D:1)
  A frilled lizard (D:1)
22 creatures vanquished.

Grand Total: 69 creatures vanquished

Notes
Turn   | Place    | Note
-------+----------+-------------------------------------------
     0 | D:1      | jasper the Mummy Summoner began the quest for the Orb.
     0 | D:1      | Reached XP level 1. HP: 13/13 MP: 4/4
   340 | D:1      | Reached XP level 2. HP: 20/20 MP: 5/5
   343 | D:1      | Learned a level 2 spell: Call Imp
   522 | D:1      | Reached skill level 1 in Fighting
   651 | D:1      | Reached XP level 3. HP: 25/26 MP: 5/7
   655 | D:1      | Learned a level 3 spell: Call Canine Familiar
  1604 | D:2      | Reached skill level 4 in Summonings
  1604 | D:2      | Reached XP level 4. HP: 19/32 MP: 7/9
  1668 | D:2      | Learned a level 4 spell: Summon Lightning Spire
  1877 | D:2      | Found Vaycav's Assorted Antiques.
  1885 | D:2      | Bought a scroll labelled NUMOWIB AVVOTI for 23 gold pieces
  2230 | D:2      | Bought a scroll of identify for 46 gold pieces
  3390 | D:4      | Noticed Duvessa
  3390 | D:4      | Noticed Dowan
  3394 | D:4      | Noticed Natasha
  3404 | D:4      | HP: 1/33 [Duvessa/+0 rapier (8)]
  3406 | D:4      | Slain by Duvessa

Illustrated notes

Levels and vault maps discovered:
D:1:      matt_arrival_spirals, layout_loops_ring
D:2:      layout_loops_corners, serial_shops, shop, hangedman_decor_growths
D:3:      layout_basic
D:4:      layout_cave_pods, ebering_ghost_gozag, uniq_natasha, uniq_duvessa

Skill      XL: |  1  2  3 |
---------------+----------+-----
Spellcasting   | 3 |  3.8
Fighting       | 1 |  1.9
Summonings     | 4 |  4.2
Dodging        | |  1.5
Stealth        | |  1.5

Action                     |  1- 3 |  4- 6 || total
---------------------------+-------+-------++-------
  Melee: Quarterstaff      |    78 |    72 ||   150
         Unarmed           |     1 |       ||     1
   Cast: Summon Small Mamm |    11 |     1 ||    12
         Call Imp          |    11 |     3 ||    14
         Call Canine Famil |       |     3 ||     3
    Use: Scroll            |     2 |     2 ||     4
   Stab: Sleeping          |     1 |     3 ||     4
         Distracted        |     1 |       ||     1
 Armour: Robe              |    62 |    66 ||   128
  Dodge: Dodged            |    67 |    67 ||   134

Table legend: (Time is in decaauts)
 A = Elapsed time spent in this place.
 B = Non-inter-level travel time spent in this place.
 C = Inter-level travel time spent in this place.
 D = Time resting spent in this place.
 E = Time spent auto-exploring this place.
 F = Levels seen in this place.
 G = Mean time per level.
                   A        B        C        D        E       F      G
               +--------+--------+--------+--------+--------+-----+--------+
         Total |   3452 |   3192 |    260 |     75 |   2442 |   4 |  863.0 |
       Dungeon |   3452 |   3192 |    260 |     75 |   2442 |   4 |  863.0 |
               +--------+--------+--------+--------+--------+-----+--------+

Top non-repeatable levels by time:
     D:1: 1208 daAuts
     D:3: 1109 daAuts
     D:2: 1094 daAuts
     D:4: 40 daAuts
